AoeStats
← Pudjo

Nomad

510156890Analyzed
3v3 RM · 3d ago on Sep 29, 2026· 60m 10s· 6 players
Game mode
Random Map
Map size
210×210
Population
200
Speed
Normal
Resources
Standard
Victory
Conquest
Starting age
Dark Age
Ending age
Imperial Age
RankedLock teamsTeams togetherTeam positionsShared explorationLock speedFull tech treeHidden civsTurbo modeCheats
Victory
Defeat
🇭🇷 Persians · Croatia
1609
+10
🇸🇪 Varangians · Sweden
1399
+18
🇭🇷 Vietnamese · Croatia
1339
+19
🇩🇪 Varangians · Germany
1454
-16
🇩🇪 Italians · Germany
1454
-16
🇩🇪 Danes · Germany
1434
-15
antrophognos
5:18 Loom
12:48 Feudal Age
16:31 Feudal Age
18:02 Double-Bit Axe
17:58 Horse Collar
20:22 Castle Age
21:04 Scale Mail Armor
24:57 Wheelbarrow
24:15 Gambesons
24:31 Squires
25:43 Chain Mail Armor
26:06 Arson
26:33 Forging
33:30 Iron Casting
32:49 Pikeman
47:00 Bow Saw
46:51 Heavy Plow
46:44 Gold Mining
46:46 Stone Mining
51:02 Fletching
54:59 Elite Skirmisher
58:13 Imperial Age
56:01 Hand Cart
56:30 Thumb Ring
56:28 Bodkin Arrow
56:34 Padded Archer Armor
59:36 Conscription
59:26 Bracer
59:56 Plate Mail Armor
58:48 Halberdier
59:51 Ballistics
60:32 Chemistry
59:43 Masonry
frey_tag
4:57 Loom
13:38 Feudal Age
14:56 Double-Bit Axe
23:45 Castle Age
33:57 Padded Archer Armor
34:18 Fletching
39:48 Bodkin Arrow
40:18 Elite Skirmisher
41:49 Wheelbarrow
44:54 Imperial Age
43:06 Town Watch
43:51 Leather Archer Armor
44:19 Bow Saw
43:51 Horse Collar
45:15 Ballistics
46:01 Wheelbarrow
46:28 Bracer
48:13 Ring Archer Armor
49:58 Chemistry
48:39 Crossbowman
49:18 Pikeman
49:59 Squires
51:40 Arbalester
52:28 Thumb Ring
teddy
4:31 Loom
13:05 Feudal Age
15:06 Wheelbarrow
15:12 Double-Bit Axe
23:17 Castle Age
24:09 Forging
25:50 Medium Warships
36:59 Fishing Lines
37:13 Fletching
38:48 Bow Saw
39:11 Stone Mining
44:14 Bodkin Arrow
44:25 Scale Barding Armor
44:50 Bloodlines
48:13 Padded Archer Armor
55:31 Imperial Age
55:58 Gillnets
59:31 Leather Archer Armor
59:16 Bracer
59:37 Chain Barding Armor
59:30 Elite Jarl
fajerflaj
5:44 Loom
12:28 Feudal Age
15:25 Bloodlines
16:57 Double-Bit Axe
21:42 Scale Barding Armor
24:08 Castle Age
22:39 Forging
22:21 Horse Collar
24:02 Gold Mining
31:58 Chain Barding Armor
40:08 Iron Casting
46:17 Imperial Age
44:45 Wheelbarrow
44:53 Husbandry
46:09 Hand Cart
46:19 Bow Saw
46:23 Cavalier
46:31 Vendel Legacy
47:32 Conscription
48:46 Plate Barding Armor
48:13 Town Watch
49:10 Elite Jarl
58:21 Heavy Plow
59:23 Two-Man Saw
61:26 Blast Furnace
Pudjo
5:01 Loom
14:54 Feudal Age
18:49 Castle Age
17:10 Stone Mining
17:52 Fletching
19:35 Wheelbarrow
20:42 Bodkin Arrow
21:41 Padded Archer Armor
25:52 Leather Archer Armor
25:34 Gold Mining
30:15 Thumb Ring
37:27 Horse Collar
37:33 Double-Bit Axe
38:33 Ballistics
38:34 Town Watch
41:17 Hand Cart
47:47 Imperial Age
47:24 Stone Shaft Mining
49:52 Bow Saw
49:43 Heavy Plow
49:44 Elite Rattan Archer
50:33 Bracer
52:41 Ring Archer Armor
54:08 Chemistry
56:54 Paper Money
59:47 Two-Man Saw
Jimmy
7:56 Loom
17:49 Feudal Age
28:10 Fishing Lines
37:32 Castle Age
35:34 Double-Bit Axe
48:32 Wheelbarrow
49:21 Horse Collar
51:24 Bow Saw
54:18 Gold Mining
54:29 Stone Mining
59:10 Imperial Age
58:00 Hand Cart
58:05 Town Watch
58:21 Padded Archer Armor
59:54 Gold Shaft Mining
59:21 Heavy Plow
60:29 Chemistry
59:40 Masonry
60:28 Conscription
Connection lost

Rejoining the realm…

Still unreachable

The connection could not be restored.

Session expired

The server has moved on; the page needs a fresh start.